 Dungeon Crawl Stone Soup version 0.21.0-3-g78d12a8 (console) character file.

80 ahub the Covered (level 4, -6/35 HPs)
             Began as a Demonspawn Fighter on Jan 11, 2018.
             Killed by divine providence
             ... invoked by an orc priest
              (14 damage)
             ... on level 3 of the Dungeon.
             The game lasted 00:02:50 (1607 turns).

ahub the Covered (Demonspawn Fighter)               Turns: 1607, Time: 00:02:51

Health: -6/35      AC:  6    Str: 23    XL:     4   Next: 18%
Magic:  4/4        EV:  7    Int:  9    God:
Gold:   105        SH: 10    Dex: 16    Spells: 3/3 levels left

rFire    . . .     SeeInvis .   a - +1 long sword
rCold    + . .     Gourm    .   c - +0 shield
rNeg     . . .     Faith    .   b - +0 scale mail
rPois    .         Spirit   .   (no helmet)
rElec    .         Reflect  .   (no cloak)
rCorr    .         Harm     .   (no gloves)
MR       .....                  (no boots)
Stlth    +.........             (no amulet)
HPRegen  0.11/turn              k - ring of protection from cold
MPRegen  0.09/turn              (no ring)

@: mighty
A: thin skeletal structure 2
a: no special abilities


You were on level 3 of the Dungeon.
You were not hungry.

You visited 1 branch of the dungeon, and saw 3 of its levels.

You collected 105 gold pieces.

Inventory:

Hand Weapons
 a - a +1 long sword (weapon)
Armour
 b - a +0 scale mail (worn)
 c - a +0 shield (worn)
Jewellery
 k - a ring of protection from cold (left hand)
Scrolls
 e - a scroll of identify {unknown}
 g - a scroll of fog {unknown}
 j - 2 scrolls of remove curse
 l - a scroll of immolation {unknown}
 m - 2 scrolls of teleportation
 n - a scroll of noise {unknown}
Potions
 h - 2 potions of magic {unknown}
 i - 2 potions of heal wounds {unknown}
 o - a potion of haste {unknown}
Comestibles
 f - 2 rations
 p - 5 chunks of flesh


   Skills:
 + Level 3.3 Fighting
 + Level 2.5 Long Blades
 + Level 3.6 Armour
 + Level 3.1 Shields


You had 3 spell levels left.
You didn't know any spells.

Dungeon Overview and Level Annotations

Branches:
Dungeon (3/15)

Altars:
Vehumet


Innate Abilities, Weirdness & Mutations

You have a moderately thin skeletal structure. (Dex +4, Stealth+)


Message History

You are too injured to fight recklessly!
You are too injured to fight recklessly!
You are too injured to fight recklessly!
You are too injured to fight recklessly!
You are too injured to fight recklessly!
You are too injured to fight recklessly!
You are too injured to fight recklessly!
You are too injured to fight recklessly!
You are too injured to fight recklessly!
You are too injured to fight recklessly!
You hit the centaur zombie.
The centaur zombie is lightly damaged.
You block the centaur zombie's attack.
Your shield prevents you from hitting the centaur zombie.
The centaur zombie is lightly damaged.
The centaur zombie hits you.
* * * LOW HITPOINT WARNING * * *
The orc priest invokes the aid of Beogh against you.
Beogh smites you!
You die...

# .# ##.## #.... ...o
.# ##..###(.#
........# #)o?....#
#### ########o# ...#
#....@Zog# ##.#
#####.######.# #.#
#..()..........
#.#####.###.######.###
#...........# #.#
##.########## #.# #.#
#.$ #.# #.. #.# #.#
...


You could see an orc priest, an orc, a centaur zombie and a hobgoblin.

Vanquished Creatures
  An adder (D:2)
  3 gnolls (D:3)
  An ooze (D:2)
  A worm (D:2)
  A dart slug (D:1)
  An orc (D:3)
  A ball python (D:1)
  4 bats
  3 giant cockroaches
  2 goblins
  2 hobgoblins (D:1)
  3 jackals (D:1)
  2 frilled lizards
  4 kobolds
  7 rats
36 creatures vanquished.

Notes
Turn   | Place    | Note
-------+----------+-------------------------------------------
     0 | D:1      | ahub the Demonspawn Fighter began the quest for the Orb.
     0 | D:1      | Reached XP level 1. HP: 18/18 MP: 1/1
   396 | D:1      | Gained mutation: You have a somewhat thin skeletal structure. (Dex +2, Stealth) [demonic ancestry]
   396 | D:1      | Reached XP level 2. HP: 24/24 MP: 2/2
   658 | D:2      | Gained mutation: You have a moderately thin skeletal structure. (Dex +4, Stealth+) [demonic ancestry]
   658 | D:2      | Reached XP level 3. HP: 29/29 MP: 3/3
  1496 | D:3      | Found a radiant altar of Vehumet.
  1579 | D:3      | Reached XP level 4. HP: 26/35 MP: 4/4
  1607 | D:3      | Killed from afar by an orc priest

Skill      XL: |  1  2  3 |
---------------+----------+-----
Armour         | 3 |  3.6
Shields        | 3 |  3.1
Long Blades    | 2 |  2.5
Fighting       | |  3.3

Action                   |  1- 3 |  4- 6 || total
-------------------------+-------+-------++-------
Melee: Long sword        |    80 |     8 ||    88
  Use: Scroll            |     4 |       ||     4
       Potion            |       |     1 ||     1
 Stab: Sleeping          |     1 |       ||     1
  Eat: Chunk             |     2 |       ||     2
Armor: Scale mail        |    29 |     5 ||    34
Dodge: Dodged            |    17 |     2 ||    19
Block: Shield            |    43 |     6 ||    49
       Rpst.: Long sword |     5 |     1 ||     6
